 Dungeon Crawl Stone Soup version 0.26.0-16-gc1dbca0489 (webtiles) character file.

Game seed: 1819897437348823759

955 FreshCat the Chopper (level 8, -1/68 HPs)
             Began as a Hill Orc Monk on Jan 20, 2021.
             Was a Priest of Beogh.
             Killed themself with a badly aimed iceblast (13 damage)
             ... on level 6 of the Dungeon.
             The game lasted 00:26:40 (6708 turns).

FreshCat the Chopper (Hill Orc Monk)                Turns: 6708, Time: 00:26:41

Health: -1/68      AC:  5    Str: 16    XL:     8   Next: 14%
Magic:  8/8        EV: 17    Int: 10    God:    Beogh [***...]
Gold:   231        SH:  0    Dex: 13    Spells: 7/7 levels left

rFire    . . .     SeeInvis .   a - +0 hand axe
rCold    . . .     Faith    .   (no shield)
rNeg     . . .     Spirit   .   c - +0 leather armour
rPois    .         Reflect  .   (no helmet)
rElec    .         Harm     .   C - scarf {shadows}
rCorr    .         Rampage  .   q - +1 pair of gloves
Will     .....                  (no boots)
Stlth    ++........             (no amulet)
HPRegen  0.21/turn              k - +4 ring of evasion
MPRegen  0.11/turn              E - ring of flight

@: no status effects
A: no striking features
a: Renounce Religion, Evoke Flight, Smiting


You were on level 6 of the Dungeon.
You worshipped Beogh.
Beogh was most pleased with you.
You visited 1 branch of the dungeon, and saw 7 of its levels.

You collected 231 gold pieces.

Inventory:

Hand Weapons
 a - a +0 hand axe (weapon)
Missiles
 d - 149 stones
 h - 5 boomerangs (quivered)
 s - 3 silver boomerangs
 y - 6 curare-tipped darts
Armour
 c - a +0 leather armour (worn)
 q - a +1 pair of gloves (worn)
 u - a +0 cloak
 C - a scarf of shadows (worn)
Jewellery
 i - an uncursed ring of magical power
 j - an uncursed ring of ice
 k - a +4 ring of evasion (left hand)
 E - a ring of flight (right hand)
Wands
 b - a wand of polymorph (5)
 w - a wand of random effects (27)
Scrolls
 e - 2 scrolls of fear
 f - a scroll of blinking
 g - 4 scrolls of teleportation
 l - a scroll of enchant armour
 m - a scroll of amnesia
 p - 2 scrolls of remove curse
 r - a scroll of magic mapping {unknown}
 t - a scroll of enchant weapon {unknown}
 v - a scroll of noise
 D - a scroll of fog {unknown}
Potions
 n - a potion of haste
 o - 3 potions of attraction
 x - a potion of mutation {unknown}
 z - a potion of curing
 A - a potion of heal wounds {unknown}
 B - a potion of lignification {unknown}


   Skills:
 + Level 5.3 Fighting
 + Level 7.5 Axes
 + Level 3.6 Throwing
 + Level 2.4 Armour
 - Level 4.0 Dodging
 + Level 2.8 Stealth
 + Level 1.0 Evocations


You had 7 spell levels left.
You didn't know any spells.
Your spell library was empty.

Dungeon Overview and Level Annotations

Branches:
Dungeon (7/15)
 Temple: D:4-7

Altars:
Dithmenos
Ru
Sif Muna
Uskayaw
Vehumet

Annotations:
D:3 Ijyb


Message History

The orc priest is moderately wounded.
The orc priest invokes the aid of Beogh against you.
Beogh smites you!
* * * LOW HITPOINT WARNING * * *
You feel better.
The orc priest hits you but does no damage.
Okay, then.
Okay, then.
Unknown command.
Evoke which item? (* to show all) (? for menu, Esc to quit)
Aiming: Random Effects
Press: ? - help, Shift-Dir - straight line, f - orc priest
Aim: an orc priest, wielding a +0 dagger and wearing a +0 ring mail (moderately wounded)
The mass of ice explodes!
The iceblast engulfs the orc priest!
You kill the orc priest!
Beogh accepts your kill.
Beogh appreciates your killing of a heretic priest.
Your orc looks more experienced.
The iceblast engulfs you!
You die...

. .. #...###
. . ###. ...#
. .##.
........#
.###....
.....#).#
..#.....
##....†)+
.........
....#@##
#...##..#
##.#.#o.##
.........
.........####
##..##..
##.#.#.......
##.#
#.#.####.#
###.##
#.......O.
.....#
#.#.######
####.# #.#.#
#(# .# #.#.#


You could see a friendly orc.

Vanquished Creatures
  An orc warrior (D:6)
  2 ice beasts (D:5)
  A sky beast (D:4)
  A scorpion (D:3)
  A water moccasin skeleton (D:5)
  A jelly (D:5)
  6 orc wizards
  An orc priest (D:6)
  A gnoll shaman (D:4)
  A hound (D:5)
  An iguana (D:5)
  3 worker ants
  A hound skeleton (D:5)
  2 gnolls
  6 adders
  An ufetubus (D:5)
  2 oozes
  4 worms
  3 dart slugs (D:1)
  5 leopard geckos
  12 orcs
  3 giant cockroaches (D:2)
  11 goblins
  6 hobgoblins
  11 jackals
  13 kobolds
  3 quokkas
  4 bats
  8 frilled lizards
  A jackal skeleton (D:5)
  A jackal zombie (D:5)
  13 rats
130 creatures vanquished.

Vanquished Creatures (collateral kills)
  An orc (D:6)
1 creature vanquished.

Vanquished Creatures (others)
  4 orc wizards (D:4)
  An adder (D:4)
  A gnoll (D:4)
  5 orcs
  A giant cockroach (D:4)
  A frilled lizard (D:4)
  A jackal skeleton (D:4)
  2 plants (D:1)
16 creatures vanquished.

Grand Total: 147 creatures vanquished

Notes
Turn   | Place    | Note
-------+----------+-------------------------------------------
     0 | D:1      | FreshCat the Hill Orc Monk began the quest for the Orb.
     0 | D:1      | Reached XP level 1. HP: 19/19 MP: 1/1
   257 | D:1      | Reached XP level 2. HP: 27/27 MP: 2/2
   662 | D:1      | Reached XP level 3. HP: 27/33 MP: 3/3
  1480 | D:2      | Found a hide-covered altar of Uskayaw.
  1543 | D:2      | Reached XP level 4. HP: 40/40 MP: 4/4
  1545 | D:2      | Reached skill level 5 in Axes
  1757 | D:2      | Reached skill level 1 in Throwing
  2195 | D:4      | Became a worshipper of Beogh the Brigand
  2195 | D:4      | Reached * piety under Beogh
  2195 | D:4      | Reached ** piety under Beogh
  2214 | D:3      | Reached XP level 5. HP: 35/47 MP: 5/5
  3097 | D:3      | Found a shimmering blue altar of Sif Muna.
  3164 | D:3      | Noticed Ijyb
  3178 | D:3      | Reached XP level 6. HP: 47/53 MP: 6/6
  3394 | D:3      | Reached skill level 6 in Axes
  4177 | D:5      | Entered Level 5 of the Dungeon
  4494 | D:4      | Noticed a sky beast
  4623 | D:4      | Killed a sky beast
  5208 | D:5      | Reached XP level 7. HP: 60/60 MP: 7/7
  5335 | D:5      | HP: 2/60 [something (8)]
  5337 | D:5      | Reached skill level 5 in Fighting
  5337 | D:5      | Reached skill level 1 in Armour
  5342 | D:5      | Reached *** piety under Beogh
  5803 | D:5      | Reached skill level 7 in Axes
  6112 | D:5      | Found a radiant altar of Vehumet.
  6298 | D:5      | Found a shadowy altar of Dithmenos.
  6319 | D:5      | Found a sacrificial altar of Ru.
  6349 | D:5      | Reached XP level 8. HP: 68/68 MP: 8/8
  6701 | D:6      | Reached skill level 1 in Evocations
  6706 | D:6      | HP: 2/68 [orc priest/divine providence (12)]
  6708 | D:6      | Killed themself with a badly aimed iceblast

Illustrated notes

Levels and vault maps discovered:
D:1:      eino_arrival_tree_alley, layout_basic, hex_tiny
D:2:      layout_rooms, marbit_many_paths
D:3:      layout_loops_corners, old_standard_altar, uniq_ijyb
D:4:      layout_loops_ring, chequers_serial_rivers_large_a,
          minmay_fractal_squares_5
D:5:      kb_forest_paths, layout_rooms, nicolae_dithmenos_shadow_blocks,
          kennysheep_mini_moat, nicolae_ru_awakened_eye
D:6:      layout_basic, gammafunk_temple_overflow_statue
D:7:      layout_basic, minmay_temple_entry_mist, uniq_pikel

Skill      XL: |  1  2  3  4  5  6  7  8 |
---------------+-------------------------+-----
Fighting       | 4 5 |  5.3
Stealth        | 2 |  2.8
Axes           | 5 6 7 |  7.5
Throwing       | 1 2 3 |  3.6
Dodging        | 3 4 |  4.0
Armour         | 2 |  2.4
Evocations     | 1 |  1.0

Action                   |  1- 3 |  4- 6 |  7- 9 || total
-------------------------+-------+-------+-------++-------
Melee: Hand axe          |   146 |   262 |   130 ||   538
Throw: Stone             |    69 |    36 |       ||   105
       Boomerang         |       |    49 |    19 ||    68
Invok: Convert to Beogh  |       |     1 |       ||     1
Evoke: Wand              |       |       |     9 ||     9
  Use: Scroll            |     3 |     7 |     4 ||    14
       Potion            |       |     5 |     1 ||     6
 Stab: Sleeping          |     4 |       |     2 ||     6
       Distracted        |       |     1 |       ||     1
Armor: Robe              |    18 |    16 |       ||    34
       Leather armour    |       |    12 |    25 ||    37
Dodge: Dodged            |   105 |   197 |   109 ||   411
